AoeStats
← ME_DEPRIME_JUGAR_CON_USTEDES

Fortress

507718290Analyzed
4v4 RM · 12d ago on Sep 19, 2026· 22m 4s· 8 players
Game mode
Random Map
Map size
Huge
Population
200
Speed
Normal
Resources
Standard
Victory
Conquest
Starting age
Dark Age
Ending age
Imperial Age
RankedLock teamsTeams togetherTeam positionsShared explorationLock speedFull tech treeHidden civsTurbo modeCheats
Victory
Defeat
🇦🇷 Huns · Argentina
1534
+15
🇩🇪 Japanese · Germany
1485
+17
🇹🇷 Britons · Türkiye
1455
+18
🇹🇷 Wei · Türkiye
1436
+19
🇹🇼 Vietnamese · Taiwan
1575
-21
🇹🇼 Huns · Taiwan
1513
-18
🇨🇦 Mongols · Canada
1456
-15
🇺🇸 Khmer · United States
1449
-15
championqc82
6:43 Feudal Age
8:05 Wheelbarrow
11:14 Castle Age
9:44 Double-Bit Axe
9:43 Horse Collar
13:06 Bow Saw
17:32 Loom
19:13 Gold Mining
20:06 Stone Mining
22:13 Gold Shaft Mining
真是太離譜了
5:16 Loom
7:08 Feudal Age
8:26 Loom
11:16 Castle Age
9:34 Double-Bit Axe
9:53 Horse Collar
12:10 Bow Saw
19:15 Heavy Plow
19:45 Fletching
Morningstar
8:53 Feudal Age
11:53 Castle Age
9:38 Horse Collar
9:58 Double-Bit Axe
10:25 Gold Mining
12:39 Heavy Plow
13:37 Bow Saw
16:29 Wheelbarrow
17:29 Hand Cart
17:45 Loom
17:46 Town Watch
20:07 Gold Shaft Mining
21:57 Husbandry
22:08 Bloodlines
yclin124
7:58 Feudal Age
11:32 Castle Age
9:45 Double-Bit Axe
9:43 Horse Collar
13:04 Bow Saw
12:54 Heavy Plow
16:06 Gold Mining
17:47 Wheelbarrow
16:58 Loom
23:54 Imperial Age
Mumulover
8:02 Feudal Age
11:38 Castle Age
10:21 Double-Bit Axe
10:18 Horse Collar
10:33 Gold Mining
12:48 Scale Mail Armor
12:36 Arson
16:05 Chain Mail Armor
16:41 Squires
18:45 Gambesons
20:14 Forging
klostrofobikköstebek
7:05 Feudal Age
11:06 Castle Age
9:59 Double-Bit Axe
12:23 Horse Collar
13:29 Wheelbarrow
15:55 Loom
19:50 Hand Cart
19:54 Heavy Plow
20:05 Bow Saw
24:56 Imperial Age
waLLefps.
8:18 Feudal Age
9:26 Horse Collar
11:55 Castle Age
9:54 Double-Bit Axe
10:27 Horse Collar
10:50 Gold Mining
11:04 Stone Mining
12:45 Wheelbarrow
12:53 Bow Saw
13:18 Heavy Plow
17:57 Gold Shaft Mining
20:10 Hand Cart
20:12 Loom
20:13 Town Watch
21:28 Stone Shaft Mining
ME_DEPRIME_JUGAR_CON_USTEDES
8:49 Feudal Age
10:31 Double-Bit Axe
10:32 Horse Collar
13:14 Castle Age
12:07 Gold Mining
13:57 Wheelbarrow
14:24 Marauders
19:31 Bow Saw
20:26 Scale Barding Armor
21:08 Forging
21:53 Forging
23:16 Iron Casting
Connection lost

Rejoining the realm…

Still unreachable

The connection could not be restored.

Session expired

The server has moved on; the page needs a fresh start.